 Dungeon Crawl Stone Soup version 0.20-a0-731-gecde0bf (webtiles) character file.

39 KristoblXynda the Sneak (level 3, 0/16 HPs)
             Began as a Spriggan Enchanter on Feb 22, 2017.
             Succumbed to an adder's poison
             ... on level 2 of the Dungeon.
             The game lasted 00:04:52 (1757 turns).

KristoblXynda the Sneak (Spriggan Enchanter)        Turns: 1757, Time: 00:04:52

Health: 0/16       AC:  2    Str:  5    XL:     3   Next: 28%
Magic:  5/9        EV: 18    Int: 16    God:
Gold:   73         SH:  0    Dex: 16    Spells: 3/9 levels left

rFire    . . .     SeeInvis +   a - +1 dagger
rCold    . . .     Gourm    .   b - +0 robe
rNeg     . . .     Faith    .   (shield restricted)
rPois    .         Spirit   .   (helmet restricted)
rElec    .         Reflect  .   (no cloak)
rCorr    .         Harm     .   (gloves unavailable)
MR       .....                  (boots unavailable)
Stlth    +++.......             (no amulet)
Regen    0.1/turn               (no ring)
MPRegen  0.2/turn               (no ring)

@: lethally poisoned (0 -> -4), very slightly contaminated, very quick
A: unfitting armour, see invisible, herbivore 3, speed 3, slow metabolism 2
a: no special abilities


You were on level 2 of the Dungeon.
You were not hungry.

You visited 1 branch of the dungeon, and saw 2 of its levels.

You collected 73 gold pieces.

Inventory:

Hand Weapons
 a - a +1 dagger (weapon)
Armour
 b - a +0 robe (worn)
Scrolls
 e - 2 scrolls of identify {unknown}
 f - a scroll of blinking {unknown}
 g - a scroll of fear {unknown}
Books
 c - a book of Maledictions

   Spells                             Type                      Level
   a - Corona                         Hexes                        1
   b - Ensorcelled Hibernation        Hexes/Ice                    2
   c - Confuse                        Hexes                        3
   d - Tukima's Dance                 Hexes                        3
   e - Dazzling Spray                 Conjuration/Hexes            3
Comestibles
 d - a bread ration


   Skills:
 - Level 1.1 Short Blades
 - Level 3.0 Dodging
 + Level 5.2 Stealth
 + Level 3.5 Spellcasting
 + Level 4.2 Hexes


You had 3 spell levels left.
You knew the following spells:

 Your Spells              Type           Power        Failure   Level  Hunger
a - Corona                Hex            ###....      3%          1    None
b - Ensorcelled Hibernat  Hex/Ice        #.....       12%         2    ##.....
c - Confuse               Hex            ###.....     12%         3    ###....


Dungeon Overview and Level Annotations

Branches:
Dungeon (2/15)

Altars:


Innate Abilities, Weirdness & Mutations

You are very small and have problems with some larger weapons.
You are too small for most types of armour.
You have supernaturally acute eyesight. (SInv)
You are a herbivore.
You cover ground extremely quickly.
You need consume almost no food.


Message History

The adder barely misses you. The hobgoblin hits you with a club.
The giant cockroach misses you. The adder bites you.
You are lethally poisoned!
The adder poisons you!
* * * LOW HITPOINT WARNING * * *
You feel sick. The giant cockroach misses you.
You see here a club.
You aren't carrying any potions.
* * * LOW HITPOINT WARNING * * *
You feel sick.
You see here 31 gold pieces.
Unknown command.
* * * LOW HITPOINT WARNING * * *
You feel sick.
A bat comes into view.
A rat comes into view.
* * * LOW HITPOINT WARNING * * *
You feel sick.
Unknown command.
You die...

........# ##########
........###......r..
...w....g..gS.# #
......#.#####.# #.
..##..#.....g.#
...$.........K##.#
...........#..##.#
#....#....s..##.# #
###...####@##)##$#..#
..(.......>.........#
###...........##.##.....
#...#.#.......... ####
#...#.#...####..## #..
......# #..#
....##.##..# #..# ....
....... #..# ....
#.###..# ...


You could see a worm, a giant cockroach, a hobgoblin, a goblin and a kobold.

Vanquished Creatures
  A leopard gecko (D:1)
  A ball python (D:1)
  2 giant cockroaches (D:1)
  8 goblins
  5 hobgoblins (D:1)
  3 jackals (D:1)
  5 kobolds (D:1)
  5 bats (D:1)
  A frilled lizard (D:1)
  2 rats
33 creatures vanquished.

Notes
Turn   | Place    | Note
-------+----------+-------------------------------------------
     0 | D:1      | KristoblXynda the Spriggan Enchanter began the quest for the Orb.
     0 | D:1      | Reached XP level 1. HP: 9/9 MP: 5/5
   113 | D:1      | Reached XP level 2. HP: 13/13 MP: 6/6
   543 | D:1      | Reached skill level 5 in Stealth
   549 | D:1      | Learned a level 2 spell: Ensorcelled Hibernation
  1100 | D:1      | Reached XP level 3. HP: 16/16 MP: 8/8
  1105 | D:1      | Learned a level 3 spell: Confuse
  1757 | D:2      | Succumbed to an adder's poison

Vault maps used:
D:1:      lightli_arrival_noodles

Skill      XL: |  1  2 |
---------------+-------+-----
Spellcasting   | 3 |  3.5
Stealth        | 5 |  5.2
Hexes          | 4 |  4.2
Short Blades   | |  1.1
Dodging        | |  3.0

Action                   || total
-------------------------++-------
Melee: Dagger            ||   155
 Cast: Ensorcelled Hiber ||    17
 Stab: Sleeping          ||    12
Armor: Robe              ||    26
Dodge: Dodged            ||   169
